 Dungeon Crawl Stone Soup version 0.28.0-43-g3370ac3207 (webtiles) character file.

Game seed: 1795820576546444660

3668 Kaptain the Geomancer (level 10, -1/59 HPs)
             Began as a Gargoyle Earth Elementalist on Mar 16, 2022.
             Slain by a very large slime creature (53 damage)
             ... on level 7 of the Dungeon.
             The game lasted 00:14:03 (8528 turns).

Kaptain the Geomancer (Gargoyle Earth Elementalist) Turns: 8528, Time: 00:14:05

Health: -1/59      AC: 17    Str: 18    XL:     10   Next: 12%
Magic:  4/19       EV: 10    Int: 20    God:
Gold:   401        SH:  4    Dex: 10    Spells: 18/22 levels left

rFire   + . .      SeeInvis .   q - +2 whip (freeze)
rCold   . . .      Faith    .   r - +0 buckler
rNeg    + . .      Spirit   .   B - +2 ring mail {rF+}
rPois   ∞          Reflect  .   (no helmet)
rElec   +          Harm     .   t - +0 cloak
rCorr   .          Rampage  .   u - +0 pair of gloves
Will    .....                   (no boots)
Stlth   +.........              (no amulet)
HPRegen 0.19/turn               d - +6 ring of strength
MPRegen 0.16/turn               (no ring)

@: no status effects
A: sickness immunity, AC +7, negative energy resistance 1, electricity
resistance, torment resistance 1, petrification resistance
a: no special abilities


You were on level 7 of the Dungeon.
You visited 2 branches of the dungeon, and saw 8 of its levels.

You collected 401 gold pieces.

Inventory:

Hand Weapons
 i - a +0 hunting sling
 l - a +3 dagger
 m - a +0 trident
 o - a +0 quarterstaff
 p - a +0 rapier of freezing
 q - a +2 whip of freezing (weapon)
Missiles
 a - 77 sling bullets
 c - 200 stones
 j - 10 poisoned darts
 y - 4 throwing nets
Armour
 h - a +1 leather armour
 r - a +0 buckler (worn)
 t - a +0 cloak (worn)
 u - a +0 pair of gloves (worn)
 B - a +2 ring mail of fire resistance (worn)
Jewellery
 d - a +6 ring of strength (left hand)
Scrolls
 f - 2 scrolls of teleportation
 g - 3 scrolls of immolation
 v - a scroll of amnesia
 w - 2 scrolls of identify
Potions
 b - 2 potions of curing
 e - 2 potions of might {unknown}
 k - 2 potions of resistance {unknown}
 n - a potion of mutation {unknown}
 s - a potion of lignification {unknown}
 x - a potion of haste {unknown}
 z - a potion of berserk rage {unknown}
 A - 2 potions of flight {unknown}


   Skills:
 * Level 5.1 Fighting
 + Level 5.0 Armour
 - Level 1.5 Dodging
 + Level 2.1 Stealth
 + Level 3.4 Shields
 * Level 6.6 Spellcasting
 * Level 7.4 Conjurations
 - Level 0.7 Transmutations
 * Level 9.1 Earth Magic


You had 18 spell levels left.
You knew the following spells:

 Your Spells              Type           Power      Damage    Failure   Level
a - Sandblast             Erth           86%        2d18      1%          1
b - Stone Arrow           Conj/Erth      78%        3d11      2%          3

Your spell library contained the following spells:

 Spells                   Type           Power      Damage    Failure   Level
 Foxfire                  Conj/Fire      84%        2x1d8     4%          1
 Passwall                 Tmut/Erth      21%        N/A       4%          2
 Conjure Flame            Conj/Fire      21%        6-21      14%         3
 Petrify                  Tmut/Erth      26%        N/A       28%         4
 Flame Wave               Conj/Fire      21%        2d7       43%         4
 Inner Flame              Hex/Fire       6%         N/A       54%         3


Dungeon Overview and Level Annotations

Branches:
Dungeon (7/15)             Temple (1/1) D:4

Altars:
Ashenzari
Cheibriados
Dithmenos
Elyvilon
Gozag
Hepliaklqana
Kikubaaqudgha
Makhleb
Nemelex Xobeh
Okawaru
Qazlal
Ru
Sif Muna
Trog
Uskayaw
Vehumet
Wu Jian
Xom
Zin
The Shining One

Shops:
D:2 (   D:6 *


Innate Abilities, Weirdness & Mutations

You are immune to sickness and miasma.
Your stone body is resilient. (AC +7)
You are immune to poison.
You resist negative energy. (rN+)
You are resistant to electric shocks. (rElec)
You are resistant to unholy torment.
You are immune to petrification.


Message History

Two slime creatures merge to form a very large slime creature.
Casting: Sandblast (safe; 1% risk of failure)
Confirm with . or Enter, or press ? or * to list all spells.
Aiming: Stone Arrow (dangerous; 2% risk of failure)
Press: ? - help, Shift-Dir - straight line, f/p - very large slime creature
Aim: a very large slime creature (moderately wounded, 94% to hit)
The stone arrow hits the very large slime creature!!
The very large slime creature is moderately wounded.
Casting: Stone Arrow (dangerous; 2% risk of failure)
Confirm with . or Enter, or press ? or * to list all spells.
Aiming: Stone Arrow (dangerous; 2% risk of failure)
Press: ? - help, Shift-Dir - straight line, f/p - very large slime creature
Aim: a very large slime creature (moderately wounded, 94% to hit)
The stone arrow hits the very large slime creature!
The very large slime creature is heavily wounded.
Casting: Stone Arrow (dangerous; 2% risk of failure)
Confirm with . or Enter, or press ? or * to list all spells.
Aiming: Stone Arrow (dangerous; 2% risk of failure)
Press: ? - help, Shift-Dir - straight line, f/p - very large slime creature
Aim: a very large slime creature (moderately wounded, 94% to hit)
The stone arrow hits the very large slime creature.
The very large slime creature is heavily wounded.
Casting: Stone Arrow (dangerous; 2% risk of failure)
Confirm with . or Enter, or press ? or * to list all spells.
Aiming: Stone Arrow (dangerous; 2% risk of failure)
Press: ? - help, Shift-Dir - straight line, f/p - very large slime creature
Aim: a very large slime creature (moderately wounded, 94% to hit)
The stone arrow hits the very large slime creature!!
The very large slime creature is heavily wounded.
The very large slime creature barely misses you.
Casting: Stone Arrow (dangerous; 2% risk of failure)
Confirm with . or Enter, or press ? or * to list all spells.
Aiming: Stone Arrow (dangerous; 2% risk of failure)
Press: ? - help, Shift-Dir - straight line, f/p - very large slime creature
Aim: a very large slime creature (heavily wounded, 94% to hit)
The stone arrow hits the very large slime creature!!
The very large slime creature is heavily wounded.
The very large slime creature hits you!!!
Ouch! That really hurt!
You die...

#.................# #.# ..
.... #...........#.##.### ...
#...........#.##... ..[
#.....#######.##..# .. #.....#
#..#..######### .# #.....#
##.#..).......# .# #.....#
#...########..
.#####.....#########..########
...............J@.............
.###################..........
## ###########


You could see a very large slime creature.

Vanquished Creatures
  Harold (D:7)
  A two-headed ogre (D:6)
  Pikel (D:5)
  A cyclops (D:6)
  A steam dragon (D:6)
  An ice beast (D:6)
  3 sky beasts
  3 ogres
  A centaur (D:5)
  3 lemures
  A wyvern zombie (D:6)
  A scorpion (D:6)
  2 wyvern skeletons
  A bullfrog zombie (D:5)
  A centaur zombie (D:6)
  Crazy Yiuf (D:5)
  An orc priest (D:4)
  A hound (D:5)
  2 gnoll shamans
  2 iguanas (D:5)
  2 orc wizards
  A hound skeleton (D:5)
  9 gnolls
  7 adders
  2 white imps
  An adder skeleton (D:4)
  3 worms (D:3)
  6 dart slugs
  12 orcs
  7 endoplasms
  2 giant cockroaches (D:1)
  10 goblins
  2 hobgoblins (D:4)
  3 jackals (D:4)
  7 quokkas
  9 ball pythons
  A bat (D:3)
  3 frilled lizards
  7 kobolds
  20 rats
143 creatures vanquished.

Notes
Turn   | Place    | Note
-------+----------+-------------------------------------------
     0 | D:1      | Kaptain the Gargoyle Earth Elementalist began the quest for
                  | the Orb.
     0 | D:1      | Reached XP level 1. HP: 10/10 MP: 3/3
   410 | D:1      | Reached XP level 2. HP: 8/15 MP: 3/5
   679 | D:1      | Found a faded altar of an unknown god.
   710 | D:1      | Reached skill level 1 in Conjurations
   712 | D:1      | Reached skill level 4 in Earth Magic
  1067 | D:2      | Reached XP level 3. HP: 16/20 MP: 3/6
  1071 | D:2      | Learned a level 3 spell: Stone Arrow
  1201 | D:2      | Found Uwkimus's Weapon Shop.
  1326 | D:2      | Reached skill level 1 in Armour
  1327 | D:2      | Reached skill level 1 in Fighting
  1733 | D:2      | Found a shadowy altar of Dithmenos.
  2188 | D:3      | Found a burning altar of Makhleb.
  2214 | D:3      | You fall into a shaft and drop 2 floors!
  2214 | D:5      | Entered Level 5 of the Dungeon
  2235 | D:5      | Reached XP level 4. HP: 20/25 MP: 2/8
  2309 | D:5      | Noticed an ogre
  2325 | D:5      | Reached XP level 5. HP: 26/29 MP: 4/9
  2327 | D:5      | Killed an ogre
  2622 | D:5      | Noticed a lemure
  2623 | D:5      | Noticed a lemure
  2656 | D:5      | Killed a lemure
  2658 | D:5      | Killed a lemure
  2766 | D:5      | Reached skill level 5 in Earth Magic
  2779 | D:5      | Reached XP level 6. HP: 28/35 MP: 3/10
  3005 | D:5      | Noticed a sky beast
  3012 | D:5      | Killed a sky beast
  3240 | D:4      | Found a shimmering altar of Xom.
  3243 | D:4      | Found a shimmering altar of Xom.
  3244 | D:4      | Found a shimmering altar of Xom.
  3271 | D:4      | Found a shimmering altar of Xom.
  3273 | D:4      | Found a shimmering altar of Xom.
  3273 | D:4      | Found a shimmering altar of Xom.
  3275 | D:4      | Found a shimmering altar of Xom.
  3292 | D:4      | Found a stormy altar of Qazlal.
  3297 | D:4      | Reached XP level 7. HP: 11/40 MP: 3/12
  3833 | D:4      | Found a staircase to the Ecumenical Temple.
  3859 | Temple   | Entered the Ecumenical Temple
  5019 | D:3      | Found a hazy altar of Hepliaklqana.
  5121 | D:3      | Noticed a moth of wrath
  5124 | D:3      | Found a bloodstained altar of Trog.
  5676 | D:5      | Reached skill level 6 in Earth Magic
  5949 | D:5      | Noticed Pikel
  6127 | D:5      | Killed Pikel
  6128 | D:5      | Reached skill level 5 in Conjurations
  6128 | D:5      | Reached skill level 7 in Earth Magic
  6128 | D:5      | Reached XP level 8. HP: 29/46 MP: 1/15
  6401 | D:5      | Found a runed translucent door.
  6401 | D:5      | Identified the +6 mace "Poppe" {flame, Drain Dex+2 SInv}
  6403 | D:5      | Noticed Crazy Yiuf
  6409 | D:5      | Killed Crazy Yiuf
  6644 | D:6      | Reached skill level 5 in Spellcasting
  6742 | D:6      | Reached skill level 1 in Shields
  6817 | D:6      | Found a glowing silver altar of Zin.
  6898 | D:6      | Reached XP level 9. HP: 38/52 MP: 9/17
  7100 | D:6      | Noticed a cyclops
  7109 | D:6      | Killed a cyclops
  7110 | D:6      | Reached skill level 8 in Earth Magic
  7238 | D:6      | Found Alinih's General Store.
  7280 | D:6      | Noticed a two-headed ogre
  7284 | D:6      | Killed a two-headed ogre
  7952 | D:6      | Found a sacrificial altar of Ru.
  8299 | D:7      | Noticed Harold
  8305 | D:7      | Killed Harold
  8306 | D:7      | Reached skill level 5 in Fighting
  8306 | D:7      | Reached skill level 5 in Armour
  8306 | D:7      | Reached skill level 9 in Earth Magic
  8306 | D:7      | Reached XP level 10. HP: 32/59 MP: 1/19
  8528 | D:7      | Slain by a very large slime creature

Illustrated notes

Levels and vault maps discovered:
D:1:      dpeg_arrival_castle, layout_basic,
          shapermc_ecumenical_altar_starsandcircs
D:2:      layout_basic, basic_altar, serial_shops, shop, minmay_rat_gold_closets
D:3:      layout_loops_ring, tgw_trog, nicolae_overflow_hidden_temple,
          worldfamousw_hep_ancestral_shrine, kennysheep_nondescript,
          item_on_display_a
D:4:      layout_basic, nicolae_xom_altar_mimics,
          mainiacjoe_overflow_small_starburst, minmay_temple_entry_antechambers,
          item_on_display_a
D:5:      layout_basic, uniq_crazy_yiuf_cottage, uniq_pikel
D:6:      layout_cave_pools, mainiacjoe_overflow_boulevard,
          mainiacjoe_overflow_cross_hatched, nicolae_take_the_stairs
D:7:      minmay_klotski, layout_basic, uniq_harold
Temple:   nicolae_temple_figure_eight

Skill      XL: |  1  2  3  4  5  6  7  8  9 |
---------------+----------------------------+-----
Conjurations   | 1 2 3 5 7 |  7.4
Earth Magic    | 4 5 7 9 |  9.1
Armour         | 1 2 3 5 |  5.0
Fighting       | 1 2 3 4 5 |  5.1
Spellcasting   | 3 4 5 6 |  6.6
Shields        | 1 3 |  3.4
Dodging        | |  1.5
Stealth        | |  2.1
Transmutations | |  0.7

Action                   |  1- 3 |  4- 6 |  7- 9 | 10-12 || total
-------------------------+-------+-------+-------+-------++-------
Melee: Short sword       |    23 |     4 |     9 |       ||    36
       Unarmed           |     2 |       |       |       ||     2
       Punch             |     2 |       |       |       ||     2
       Quarterstaff      |       |       |     3 |       ||     3
       Dagger            |       |       |     2 |       ||     2
 Fire: Hunting sling     |       |       |    11 |       ||    11
 Cast: Sandblast         |    47 |    56 |    59 |     4 ||   166
       Stone Arrow       |       |       |    77 |     5 ||    82
  Use: Scroll            |     5 |     1 |     3 |       ||     9
       Potion            |       |       |     1 |       ||     1
Armor: Robe              |     9 |       |       |       ||     9
       Leather armour    |     7 |    14 |    26 |       ||    47
Dodge: Dodged            |    29 |    15 |    36 |     2 ||    82
Block: Buckler           |       |       |     4 |       ||     4
